 Dungeon Crawl Stone Soup version 0.28-a0-381-g937acc2988 (webtiles) character file.

Game seed: 17417434500446988664

2 Archison the Sneak (level 1, -1/9 HPs)
             Began as a Spriggan Enchanter on Sept 1, 2021.
             Frozen to death by an endoplasm (5 damage)
             ... on level 1 of the Dungeon.
             The game lasted 00:00:39 (199 turns).

Archison the Sneak (Spriggan Enchanter)              Turns: 199, Time: 00:00:40

Health: -1/9       AC:  2    Str:  4    XL:     1   Next: 25%
Magic:  5/5        EV: 17    Int: 16    God:
Gold:   12         SH:  0    Dex: 15    Spells: 5/5 levels left

rFire   . . .      SeeInvis +   a - +1 dagger
rCold   . . .      Faith    .   (shield restricted)
rNeg    . . .      Spirit   .   b - +0 robe
rPois   .          Reflect  .   (helmet restricted)
rElec   .          Harm     .   (no cloak)
rCorr   .          Rampage  .   (gloves unavailable)
Will    .....                   (boots unavailable)
Stlth   +++.......              (no amulet)
HPRegen 0.03/turn               (no ring)
MPRegen 0.09/turn               (no ring)

@: very quick
A: very small, no large weapons, unfitting armour, see invisible, speed 3
a: no special abilities


You were on level 1 of the Dungeon.
You visited 1 branch of the dungeon, and saw 1 of its levels.

You collected 12 gold pieces.

Inventory:

Hand Weapons
 a - a +1 dagger (weapon)
Armour
 b - a +0 robe (worn)
Potions
 c - a potion of invisibility
 d - a potion of flight {unknown}


   Skills:
 - Level 1.1 Short Blades
 * Level 2.7 Dodging
 * Level 4.5 Stealth
 - Level 2.6 Spellcasting
 * Level 3.7 Hexes


You had 5 spell levels left.
You didn't know any spells.
Your spell library contained the following spells:

 Spells                   Type           Power      Damage    Failure   Level
 Confusing Touch          Hex            14%        N/A       13%         3
 Tukima's Dance           Hex            14%        N/A       13%         3
 Ensorcelled Hibernation  Hex/Ice        16%        N/A       14%         2
 Dazzling Flash           Conj/Hex       16%        N/A       26%         3


Dungeon Overview and Level Annotations

Branches:
Dungeon (1/15)

Altars:


Innate Abilities, Weirdness & Mutations

You are very small and have problems with some larger weapons.
You are too small for most types of armour.
You have supernaturally acute eyesight. (SInv)
You cover ground extremely quickly. (Speed+++)


Message History

You see here a +0 club.
You start resting.
HP restored.
An endoplasm comes into view.
Found a brown potion.
The endoplasm quivers.
You see here a +0 club.
d - a brown potion
There are no items here.
A rat comes into view.
You see here a +0 hand axe.
A hobgoblin and a dart slug come into view.
The hobgoblin shouts!
You hit the hobgoblin but do no damage. The hobgoblin closely misses you.
You hit the hobgoblin but do no damage. The hobgoblin misses you.
You barely miss the hobgoblin. The hobgoblin completely misses you.
You barely miss the hobgoblin.
An endoplasm comes into view.
The hobgoblin completely misses you.
The endoplasm quivers.
You hit the hobgoblin but do no damage. The hobgoblin closely misses you.
You hit the hobgoblin but do no damage. The hobgoblin misses you.
You hit the hobgoblin.
The hobgoblin is lightly wounded.
The hobgoblin barely misses you.
You hit the hobgoblin.
The hobgoblin is moderately wounded.
The endoplasm freezes you.
You are frozen.
Ouch! That really hurt!
The hobgoblin misses you.
You closely miss the hobgoblin.
The hobgoblin is moderately wounded.
The endoplasm barely misses you. The hobgoblin barely misses you.
You hit the hobgoblin.
The hobgoblin is almost dead.
The endoplasm freezes you.
You are frozen.
Ouch! That really hurt!
You die...

#.# #.# #.##.......#..
##.##########.######.##.#####.#
........................# #.#
##.##########.######.#### #.#
#.# #.# #.# #.# #.# #.#### #.#
#.### .#.##########.##.###.#
#.... ....r.......).rJ..##.#
##### .###############@###.. #
# #g# ### # #w# ##### #J# #.
#.... ..# # #)# #.### ...
..###..##.### #.# #............
#.# #..#########. #............


You could see a dart slug, 2 endoplasms, a hobgoblin and a rat.

Vanquished Creatures
  A goblin (D:1)
  A rat (D:1)
2 creatures vanquished.

Notes
Turn   | Place    | Note
-------+----------+-------------------------------------------
     0 | D:1      | Archison the Spriggan Enchanter began the quest for the
                  | Orb.
     0 | D:1      | Reached XP level 1. HP: 9/9 MP: 5/5
   199 | D:1      | Frozen to death by an endoplasm

Illustrated notes

Levels and vault maps discovered:
D:1:      minmay_arrival_semitransparent, layout_loops_ring, minmay_tetromino_t2

Action                   || total
-------------------------++-------
Melee: Dagger            ||    17
Armor: Robe              ||     1
Dodge: Dodged            ||    12

Table legend: (Time is in decaauts)
 A = Elapsed time spent in this place.
 B = Non-inter-level travel time spent in this place.
 C = Inter-level travel time spent in this place.
 D = Time resting spent in this place.
 E = Time spent auto-exploring this place.
 F = Levels seen in this place.
 G = Mean time per level.
                   A        B        C        D        E       F      G
               +--------+--------+--------+--------+--------+-----+--------+
         Total |    149 |    149 |      0 |     60 |     21 |   1 |  149.0 |
       Dungeon |    149 |    149 |      0 |     60 |     21 |   1 |  149.0 |
               +--------+--------+--------+--------+--------+-----+--------+

Top non-repeatable levels by time:
     D:1: 149 daAuts
